 Dungeon Crawl Stone Soup version 0.29-a0-617-g7a6b98fccd (webtiles) character file.

Game seed: 11622582257739313001

44 IdlyInterested the Ducker (level 3, 0/27 HPs)
             Began as a Demonspawn Gladiator on June 17, 2022.
             Splashed by a jelly's acid (9 damage)
             ... on level 3 of the Dungeon.
             The game lasted 00:04:37 (2268 turns).

IdlyInterested the Ducker (Demonspawn Gladiator)    Turns: 2268, Time: 00:04:38

Health: 0/27       AC:  6    Str: 14    XL:     3   Next: 41%
Magic:  3/3        EV: 11    Int:  9    God:
Gold:   64         SH:  0    Dex: 16    Spells: 2/2 levels left

rFire   . . .      SeeInvis .   a - +0 trident
rCold   . . .      Faith    .   (no shield)
rNeg    . . .      Spirit   .   n - +1 ring mail
rPois   .          Reflect  .   m - +0 helmet
rElec   .          Harm     .   (no cloak)
rCorr   .          Rampage  .   (no gloves)
Will    .....                   q - +0 pair of boots
Stlth   +.........              (no amulet)
HPRegen 0.09/turn               (no ring)
MPRegen 0.08/turn               (no ring)

@: corroded, sanguine armoured
A: sanguine armour 1
a: no special abilities


You were on level 3 of the Dungeon.
You visited 1 branch of the dungeon, and saw 3 of its levels.

You collected 64 gold pieces.

Inventory:

Hand Weapons
 a - a +0 trident (weapon)
Missiles
 d - 3 throwing nets
 e - a javelin
 l - 4 stones (quivered)
Armour
 b - a +0 leather armour
 c - a +0 helmet
 i - a +0 helmet
 m - a +0 helmet (worn)
 n - a +1 ring mail (worn)
 q - a +0 pair of boots (worn)
Magical Staves
 p - a staff of conjuration
Potions
 f - a potion of heal wounds
 h - 2 potions of mutation
 k - 2 potions of ambrosia


   Skills:
 + Level 2.2 Fighting
 + Level 3.0 Polearms
 - Level 1.7 Throwing
 * Level 3.2 Dodging
 * Level 1.6 Stealth


You had 2 spell levels left.
You didn't know any spells.
Your spell library contained the following spells:

 Spells                   Type           Power      Damage    Failure   Level
 Beastly Appendage        Tmut           0%         N/A       63%         1
 Wereblood                Tmut           0%         N/A       77%         2
 Spider Form              Tmut/Pois      0%         N/A       94%         3


Dungeon Overview and Level Annotations

Branches:
Dungeon (3/15)

Altars:
Xom


Innate Abilities, Weirdness & Mutations

When seriously injured, your blood forms armour. (AC +6)


Message History

The ball python constricts you. The ball python bites you.
The ball python constricts you.
You closely miss the ball python. The ball python bites you.
The ball python constricts you.
You barely miss the orc. The ball python bites you.
The ball python constricts you. The orc barely misses you.
You hit the ball python.
You kill the ball python!
The orc hits you but does no damage.
You puncture the orc!
You kill the orc!
Things that are here:
a +0 dagger; an orc corpse HP restored.
A jelly comes into view.
The jelly quivers.
A kobold comes into view. It is wielding a +0 dagger.
Found 4 gold pieces.
The kobold shouts!
The jelly closely misses you.
You hit the jelly.
Your hands burn!
The jelly is moderately wounded.
The jelly hits you. The acid corrodes you!
You are splashed with acid!
Your blood congeals into armour.
The jelly attacks as you move away! The jelly hits you but does no damage.
The kobold attacks as you move away! The kobold closely misses you.
You barely miss the jelly.
The jelly is moderately wounded.
The jelly closely misses you.
A quokka comes into view.
You hit the jelly but do no damage.
Your hands burn!
The jelly is moderately wounded.
The jelly misses you. The jelly hits you but does no damage.
You hit the jelly. The acid corrodes you!
Your hands burn!
The jelly is heavily wounded.
The jelly misses you.
You barely miss the jelly.
The jelly is heavily wounded.
The jelly hits you. The acid corrodes you!
You are splashed with acid!
You die...

.# #.## #...# ########
....# # #......# $...#
#...#####.####.###.#.#
#.......# #.##...#.#
#...####..# #.@JK...#
##.#####..####†##r..#....
#..........)..###.#..# .
#..####..###..# ....#
####..# #..# ..#...
......###..###... ##.
.......<..........
#.#########......##.. #
#..#####


You could see a jelly, a quokka and a kobold.

Vanquished Creatures
  A dart slug (D:2)
  An orc (D:3)
  6 ball pythons
  5 endoplasms (D:1)
  3 giant cockroaches (D:1)
  4 goblins
  3 hobgoblins (D:1)
  A quokka (D:1)
  4 bats
  A frilled lizard (D:1)
  3 kobolds
  7 rats
39 creatures vanquished.

Notes
Turn   | Place    | Note
-------+----------+-------------------------------------------
     0 | D:1      | IdlyInterested the Demonspawn Gladiator began the quest for
                  | the Orb.
     0 | D:1      | Reached XP level 1. HP: 16/16 MP: 1/1
   323 | D:1      | Gained mutation: When seriously injured, your blood forms
                  | armour. (AC +6) [demonic ancestry]
   323 | D:1      | Reached XP level 2. HP: 11/22 MP: 2/2
   325 | D:1      | Reached skill level 1 in Stealth
  1123 | D:1      | Reached XP level 3. HP: 25/27 MP: 3/3
  1865 | D:2      | Found a shimmering altar of Xom.
  2268 | D:3      | Splashed by a jelly's acid

Illustrated notes

Levels and vault maps discovered:
D:1:      elethiomel_arrival_quiet, layout_loops_ring
D:2:      layout_basic, basic_altar
D:3:      layout_loops_ring

Skill      XL: |  1  2  3 |
---------------+----------+-----
Stealth        | 1 |  1.6
Dodging        | 3 |  3.2
Polearms       | 3 |  3.0
Fighting       | |  2.2
Throwing       | |  1.7

Action                   || total
-------------------------++-------
Melee: Trident           ||   126
  Use: Scroll            ||    10
 Stab: Sleeping          ||     2
Armor: Leather armour    ||    39
       Ring mail         ||    16
Dodge: Dodged            ||    99

Table legend: (Time is in decaauts)
 A = Elapsed time spent in this place.
 B = Non-inter-level travel time spent in this place.
 C = Inter-level travel time spent in this place.
 D = Time resting spent in this place.
 E = Time spent auto-exploring this place.
 F = Levels seen in this place.
 G = Mean time per level.
                   A        B        C        D        E       F      G
               +--------+--------+--------+--------+--------+-----+--------+
         Total |   2287 |   2262 |     25 |    295 |   1506 |   3 |  762.3 |
       Dungeon |   2287 |   2262 |     25 |    295 |   1506 |   3 |  762.3 |
               +--------+--------+--------+--------+--------+-----+--------+

Top non-repeatable levels by time:
     D:1: 1264 daAuts
     D:2: 937 daAuts
     D:3: 85 daAuts
